AoeStats
← EMPEROR98265292

Nomad

508040258Analyzed
2v2 RM · 12d ago on Sep 20, 2026· 37m 51s· 4 players
Game mode
Random Map
Map size
176×176
Population
200
Speed
Normal
Resources
Standard
Victory
Conquest
Starting age
Dark Age
Ending age
Imperial Age
RankedLock teamsTeams togetherTeam positionsShared explorationLock speedFull tech treeHidden civsTurbo modeCheats
Victory
Defeat
🇧🇷 Spanish · Brazil
1634
+10
🇧🇷 Dravidians · Brazil
1511
+15
🇮🇳 Georgians · India
1527
-14
🇮🇳 Dravidians · India
1462
-11
Flash_br
4:33 Loom
12:01 Feudal Age
16:19 Castle Age
14:13 Fishing Lines
16:18 Double-Bit Axe
18:03 Padded Archer Armor
20:42 Husbandry
22:13 Leather Archer Armor
23:32 Fervor
23:13 Horse Collar
25:39 Bloodlines
26:39 Bow Saw
28:12 Wheelbarrow
28:37 Gold Mining
28:38 Stone Mining
29:24 Town Watch
29:54 Gillnets
34:46 Imperial Age
33:11 Scale Barding Armor
33:31 Ballistics
33:53 Hand Cart
34:26 Chain Barding Armor
34:17 Forging
35:07 Heavy Plow
36:14 Plate Barding Armor
35:04 Cavalier
36:05 Conscription
37:15 Two-Man Saw
37:11 Iron Casting
39:29 Blast Furnace
[cM] fcasalen
4:31 Loom
11:54 Feudal Age
12:29 Double-Bit Axe
13:47 Fletching
20:22 Castle Age
18:23 Gold Mining
21:17 Medium Warships
21:05 Bodkin Arrow
21:40 Bow Saw
21:14 Horse Collar
22:46 Ballistics
24:24 Padded Archer Armor
24:51 Elite Skirmisher
26:23 Town Watch
27:28 Leather Archer Armor
27:23 Thumb Ring
28:55 Wheelbarrow
29:59 Crossbowman
34:58 Imperial Age
32:43 Stone Mining
33:15 Heavy Plow
33:48 Crossbowman
34:39 Fishing Lines
35:04 Arbalester
36:36 Bracer
38:03 Chemistry
38:09 Ring Archer Armor
EMPEROR98265292
12:46 Feudal Age
13:13 Loom
15:20 Fletching
18:11 Castle Age
17:48 Double-Bit Axe
19:05 Bodkin Arrow
20:49 Padded Archer Armor
27:14 Bloodlines
30:12 Ballistics
31:18 Leather Archer Armor
33:38 Bow Saw
35:08 Horse Collar
36:11 Scale Barding Armor
37:53 Chain Barding Armor
AP
2:51 Loom
12:50 Feudal Age
17:09 Castle Age
14:57 Double-Bit Axe
14:54 Horse Collar
16:40 Wheelbarrow
17:29 Town Watch
18:22 Wheelbarrow
18:16 Bow Saw
26:27 Fletching
27:11 Thumb Ring
27:45 Ballistics
30:17 Heavy Plow
32:09 Bodkin Arrow
32:28 Padded Archer Armor
34:10 Husbandry
34:51 Scale Barding Armor
38:41 Imperial Age
36:08 Gold Mining
38:21 Chain Barding Armor
38:18 Leather Archer Armor
38:13 Forging
Connection lost

Rejoining the realm…

Still unreachable

The connection could not be restored.

Session expired

The server has moved on; the page needs a fresh start.